Map: Odyssey LE

Players

IIIIIIIIIIII - Winner!

  • Race: Terran Terran
  • League: Master
  • Spawn Location: 11:00

Neuro

  • Race: Zerg Zerg
  • League: Grandmaster
  • Spawn Location: 5:00

VOD

Have the link to the VOD?

Description

Time

  • Played on: May 24, 2017, 3:46 p.m.
  • Length: 18:07
Show
View Real Time Build Order
Export as new Build Order

IIIIIIIIIIII Terran - Winner!

Build Orders: Reaper Expand, Bio Mine 

Get SALT Encoding   

  12  0:00  SCV  
  13  0:12  SCV  
  14  0:17  Supply Depot  
  14  0:25  SCV  
  15  0:38  SCV  
  15  0:39  Barracks  
  16  0:44  Refinery  
  16  0:50  SCV  
  17  1:03  SCV  
  18  1:15  SCV  
  19  1:27  Reaper, Orbital Command  
  20  1:40  Command Center  
  20  1:50  Refinery  
  20  1:53  SCV  
  21  1:57  Supply Depot  
  21  2:00  Barracks Reactor  
  21  2:05  SCV  
  22  2:17  SCV  
  22  2:21  Factory  
  23  2:29  SCV  
  24  2:37  Marine x2  
  24  2:41  SCV  
  27  2:52  Orbital Command  
  27  2:55  Marine x2  
  27  2:56  SCV  
  30  3:06  Starport  
  30  3:08  SCV  
  31  3:19  SCV  
  32  3:21  SCV, Hellion x2  
  32  3:24  Barracks Tech Lab  
  37  3:30  Supply Depot  
  37  3:31  SCV  
  37  3:33  SCV  
  39  3:42  Hellion x2  
  39  3:44  SCV  
  44  3:49  SCV, Barracks Tech Lab  
  44  3:51  Raven  
  44  3:53  Supply Depot  
  47  3:56  SCV  
  47  4:01  SCV  
  49  4:04  Hellion x2  
  53  4:11  SCV  
  53  4:13  Stimpack  
  53  4:14  Marine  
  53  4:15  SCV  
  56  4:19  Supply Depot  
  56  4:23  SCV  
  57  4:27  SCV  
  58  4:33  Command Center  
  58  4:36  SCV  
  59  4:39  SCV  
  59  4:42  Factory Reactor  
  59  4:45  Barracks  
  60  4:47  Barracks  
  60  4:51  Starport Reactor  
  60  4:57  SCV x2  
  62  5:00  Engineering Bay  
  62  5:02  Refinery x2  
  62  5:05  Engineering Bay  
  62  5:09  SCV x2  
  64  5:20  Barracks  
  64  5:21  SCV x2, Barracks  
  66  5:30  Medivac x2  
  70  5:44  Widow Mine, Marine x2  
  70  5:45  SCV  
  70  5:47  Supply Depot, Orbital Command  
  70  5:49  Terran Infantry Weapons Level 1, Terran Infantry Armor Level 1  
  75  5:52  Marine x2, Combat Shields  
  75  5:55  SCV  
  78  6:00  SCV  
  78  6:03  Medivac, Armory  
  81  6:04  Medivac  
  81  6:08  Barracks Reactor  
  81  6:09  Barracks Reactor  
  81  6:10  SCV  
  84  6:21  Marine x4  
  84  6:24  SCV, Orbital Command  
  89  6:30  Widow Mine  
  91  6:33  SCV  
  91  6:38  Supply Depot  
  91  6:39  Marine  
  93  6:40  Marine x2, Medivac x2  
  93  6:41  Supply Depot x2  
  93  6:44  SCV  
  93  6:45  SCV  
  101  6:59  Widow Mine, Bunker  
  101  7:00  Marine x6  
  109  7:02  Marine x2  
  109  7:03  SCV  
  109  7:06  Supply Depot  
  112  7:11  Supply Depot  
  112  7:12  Unknown  
  112  7:17  Marine x6, Supply Depot  
  112  7:20  Marine x2  
  114  7:24  Unknown  
  114  7:25  Medivac, Hellion  
  114  7:29  Hellion  
  112  7:33  SCV x2  
  112  7:35  Marine x4  
  116  7:41  SCV  
  117  7:44  Marine x2, Medivac  
  117  7:45  SCV x2  
  117  7:46  Widow Mine  
  117  7:50  Terran Infantry Weapons Level 2  
  125  7:53  SCV  
  125  7:55  Medivac, Terran Infantry Armor Level 2  
  125  7:56  Marine  
  129  8:01  Widow Mine  
  131  8:08  Marine  
  131  8:09  Marauder  
  131  8:10  Marine, Marauder, Concussive Shells  
  131  8:12  SCV  
  138  8:14  Medivac, Widow Mine  
  138  8:17  Marine  
  141  8:20  Marine  
  141  8:25  Factory  
  141  8:26  Starport  
  142  8:28  Marine  
  142  8:30  Marauder  
  142  8:32  Marauder  
  142  8:33  Marine  
  142  8:34  Medivac  
  146  8:35  Widow Mine  
  146  8:36  Marine  
  146  8:40  Marine  
  145  8:41  SCV x2  
  145  8:42  Missile Turret  
  145  8:43  Refinery x2  
  145  8:44  Missile Turret  
  145  8:45  Missile Turret x2  
  145  8:47  Marine x2  
  144  8:51  Marauder  
  144  8:55  Command Center  
  144  8:56  SCV  
  144  8:58  SCV x2  
  144  8:59  Marine  
  144  9:00  Marine  
  149  9:11  Factory Tech Lab  
  149  9:13  Starport Reactor  
  149  9:17  Supply Depot  
  149  9:24  Supply Depot, Unknown x2  
  149  9:25  Marine x2  
  149  9:32  Missile Turret  
  149  9:36  Drilling Claws  
  149  9:38  Supply Depot x3  
  149  9:39  Marine x6  
  149  9:40  Supply Depot  
  149  9:43  Marine x2  
  157  9:49  Missile Turret  
  157  9:56  Marine x2  
  157  9:57  Marine x3  
  157  9:58  Marine  
  152  10:08  Marine x2  
  152  10:11  Widow Mine x2  
  146  10:14  Marine x2  
  146  10:15  Marine x3, Terran Infantry Weapons Level 3, Terran Infantry Armor Level 3  
  145  10:22  Unknown  
  145  10:26  Liberator x2  
  125  10:40  Marine x3  
  125  10:41  Marine  
  125  10:42  Marine x4, Widow Mine x2  
  129  10:49  SCV x2  
  123  10:50  Planetary Fortress  
  123  10:58  Marine x3  
  123  10:59  Marine x4, Terran Ship Weapons Level 1  
  123  11:00  Barracks  
  123  11:01  Barracks  
  130  11:07  Medivac x2  
  130  11:08  Marauder  
  130  11:10  SCV x2  
  138  11:16  Marine  
  138  11:17  Widow Mine x2  
  138  11:18  Marauder  
  143  11:26  Medivac x2  
  143  11:31  Missile Turret  
  143  11:32  Missile Turret  
  147  11:33  Marine x3, Missile Turret, Marauder  
  147  11:36  Marine x3  
  147  11:37  Medivac  
  147  11:39  Marine, Unknown  
  158  11:41  Medivac  
  159  11:47  Barracks Tech Lab  
  159  11:48  Barracks Tech Lab  
  159  11:51  Marine x2  
  161  11:55  Marine x2, Marauder  
  161  11:56  Medivac, Marine x2  
  161  11:57  Marauder  
  164  12:02  Supply Depot  
  164  12:03  Supply Depot  
  164  12:07  Marine x2  
  164  12:08  Widow Mine, Marine  
  164  12:09  Marine  
  164  12:10  Medivac  
  164  12:12  Marine x2  
  164  12:14  Marine x2  
  173  12:16  Marauder  
  173  12:18  Marine  
  176  12:25  Marine x2  
  176  12:26  Marine, Missile Turret  
  176  12:27  Marine  
  176  12:28  Missile Turret  
  180  12:30  Marine x2  
  180  12:31  Missile Turret  
  180  12:32  Marine  
  173  12:43  Marine x2  
  142  12:46  Marine  
  142  12:47  Marine x4  
  142  12:48  Marine x2  
  142  12:49  SCV  
  142  12:50  Marine  
  150  13:01  Marine x2  
  150  13:04  Marine x5  
  157  13:06  Marine x2  
  157  13:07  Marine  
  157  13:19  Marine x2  
  159  13:22  Marine x2  
  157  13:32  Liberator x2  
  156  13:35  Missile Turret  
  156  13:37  Marine  
  156  13:40  Marine x6  
  156  13:41  Widow Mine x3, Command Center  
  163  13:43  Medivac x2  
  163  13:47  Marine x2  
  169  13:50  Marauder  
  169  13:55  Marine  
  178  13:56  Liberator x2  
  178  13:57  Unknown x2  
  178  13:58  Marine  
  178  14:00  Marine x4  
  173  14:07  Marine  
  173  14:09  Widow Mine x2, Marine  
  172  14:14  Marine  
  172  14:15  Widow Mine, Marine  
  172  14:16  Marauder  
  188  14:20  Marine  
  188  14:22  Marine x2  
  186  14:26  Marauder  
  186  14:28  Marine, Marauder  
  186  14:31  SCV  
  192  14:32  Medivac  
  192  14:34  Marauder  
  192  14:38  Widow Mine x2  
  194  14:41  Marauder  
  200  14:45  Liberator  
  200  14:46  Liberator  
  198  15:01  Marine, Marauder  
  198  15:02  Marine, Marauder  
  198  15:06  Marine, Marauder  
  197  15:11  Marine x3, Marauder  
  199  15:18  Planetary Fortress  
  199  15:22  Missile Turret  
  199  15:23  Marine  
  200  16:29  Marine x2, Marauder  
  200  16:30  Hi-Sec Auto Tracking  
  197  16:40  Marine  
  197  16:41  Marauder  
  197  16:44  Marine  
  197  16:45  Marauder x2  
  197  16:46  Missile Turret, Marine  
  197  16:47  Marine x2, Command Center  
  198  16:48  Sensor Tower  
  198  16:51  Missile Turret  
  200  17:16  Marine x2  
  200  17:17  Marine, Marauder x2  
  200  17:19  Marine  
  200  17:20  Marine, Marauder  
  198  17:23  Marine x2  
  188  17:33  Viking x2  
  188  17:34  Marine x3  
  194  17:37  Marine  
  194  17:38  Marauder x2  
  194  17:39  Marine  
  194  17:41  Marine  
Show
View Real Time Build Order
Export as new Build Order

Neuro Zerg 

Build Orders: Hatch First, Muta Ling Bane 

Get SALT Encoding   

  12  0:01  Drone  
  13  0:12  Overlord  
  13  0:17  Drone  
  14  0:30  Drone x2  
  14  0:34  Drone  
  17  0:52  Hatchery  
  17  0:54  Drone  
  17  0:57  Drone  
  18  1:08  Extractor  
  17  1:14  Spawning Pool  
  17  1:15  Drone  
  17  1:18  Drone  
  18  1:28  Drone  
  19  1:39  Overlord  
  19  1:49  Drone  
  20  2:00  Queen  
  22  2:01  Zergling x2  
  22  2:04  Queen  
  22  2:05  Zergling x2  
  26  2:08  Metabolic Boost  
  26  2:11  Drone  
  26  2:15  Drone  
  28  2:21  Drone  
  29  2:31  Drone  
  29  2:35  Overlord  
  29  2:36  Extractor  
  29  2:39  Queen  
  29  2:42  Spore Crawler  
  30  2:46  Pneumatized Carapace  
  30  2:50  Drone x3  
  35  2:55  Overlord  
  35  2:58  Drone  
  36  3:06  Drone  
  38  3:12  Drone  
  38  3:21  Drone x3  
  38  3:26  Drone x3  
  44  3:28  Hatchery  
  44  3:32  Queen  
  45  3:36  Overlord  
  45  3:40  Drone x2  
  47  4:01  Drone x9  
  56  4:09  Queen  
  55  4:13  Queen  
  59  4:18  Evolution Chamber  
  58  4:25  Overlord  
  58  4:26  Overlord  
  58  4:33  Overlord x3  
  57  4:44  Zergling x18  
  66  4:49  Zergling x2  
  66  4:52  Zerg Ground Armor Level 1  
  67  4:53  Queen  
  67  4:54  Zergling x2  
  67  4:55  Zergling x6  
  73  5:01  Queen, Zergling x4  
  73  5:07  Baneling Nest  
  76  5:17  Drone x2  
  76  5:18  Drone x5  
  83  5:23  Drone  
  83  5:24  Drone x5  
  83  5:26  Lair  
  87  5:45  Drone x6  
  87  5:47  Extractor  
  87  5:48  Extractor  
  87  5:49  Extractor x2, Spore Crawler  
  88  5:57  Extractor  
  88  6:04  Overlord x3  
  87  6:06  Drone x5  
  87  6:08  Hatchery  
  91  6:24  Drone x2  
  93  6:26  Overseer  
  93  6:28  Drone x7  
  93  6:31  Spire  
  99  6:38  Overlord x2  
  99  6:39  Queen x3, Zergling x6  
  106  6:44  Overseer  
  106  6:46  Zergling x4  
  106  6:47  Zergling x8  
  114  6:48  Baneling x5  
  114  6:55  Zergling x4  
  114  6:59  Zerg Ground Armor Level 2  
  116  7:02  Zergling x6  
  116  7:04  Evolution Chamber  
  118  7:09  Overlord  
  118  7:10  Overlord  
  118  7:16  Baneling x3  
  118  7:19  Hatchery, Zergling x8  
  110  7:25  Zergling x12  
  102  7:31  Zergling x8  
  102  7:36  Zergling x6  
  107  7:43  Zerg Melee Weapons Level 1  
  107  7:44  Zerg Flyer Armor Level 1  
  107  7:46  Zergling x12  
  107  7:48  Queen  
  115  7:53  Centrifical Hooks, Zergling x6  
  116  8:06  Hatchery  
  116  8:09  Mutalisk  
  116  8:10  Mutalisk x3  
  122  8:17  Hatchery  
  122  8:18  Mutalisk x3  
  126  8:32  Zergling x30  
  128  8:36  Mutalisk  
  128  8:40  Queen x2  
  122  8:48  Mutalisk x4  
  130  8:59  Mutalisk x4  
  138  9:06  Overseer  
  138  9:08  Overlord  
  138  9:12  Hatchery  
  138  9:17  Zergling x6  
  138  9:23  Baneling x10  
  140  9:31  Zergling x10  
  145  9:35  Baneling  
  145  9:36  Baneling x5  
  145  9:37  Zergling x4  
  147  9:44  Zergling x10  
  152  9:50  Baneling x6  
  151  9:58  Mutalisk  
  151  9:59  Mutalisk x2  
  140  10:12  Zergling x26  
  134  10:20  Zergling x6  
  129  10:23  Zergling x4  
  116  10:30  Zergling x8  
  116  10:33  Mutalisk  
  116  10:35  Zerg Flyer Weapons Level 1  
  116  10:38  Mutalisk x3  
  121  10:44  Drone x2  
  121  10:49  Zergling x14  
  128  10:50  Baneling  
  128  10:53  Overseer  
  128  10:56  Queen  
  130  10:58  Baneling x2  
  130  10:59  Baneling  
  130  11:04  Zergling x10  
  130  11:05  Extractor  
  130  11:06  Baneling  
  132  11:12  Overseer  
  132  11:15  Zergling x14  
  139  11:27  Infestation Pit, Drone x2  
  139  11:28  Drone  
  139  11:32  Zergling x10  
  143  11:49  Overlord  
  143  11:50  Overlord x7  
  143  11:52  Hatchery  
  140  12:07  Hive  
  138  12:09  Queen, Drone x2  
  138  12:12  Baneling x5  
  138  12:15  Infestor x4, Burrow  
  132  12:38  Zergling x14  
  132  12:39  Zergling x4  
  113  12:53  Drone x10  
  122  12:59  Baneling x2  
  116  13:08  Baneling x2  
  116  13:09  Overseer  
  116  13:10  Overseer  
  110  13:20  Drone x4  
  110  13:21  Baneling x3, Drone x7  
  120  13:37  Ultralisk Cavern  
  120  13:40  Zergling x16  
  117  13:57  Spore Crawler  
  117  14:01  Zergling x28  
  107  14:12  Drone x6  
  84  14:26  Ultralisk x3  
  84  14:28  Baneling x7  
  96  14:35  Zergling x10  
  94  14:44  Chitinous Plating  
  72  15:12  Drone x5  
  75  15:16  Drone x3  
  71  15:41  Ultralisk  
  77  15:43  Baneling x3  
  77  15:44  Baneling x5  
  77  15:47  Hatchery  
  76  16:15  Ultralisk  
  82  16:33  Ultralisk  
  86  17:08  Ultralisk  
  86  17:12  Overseer  
  78  17:23  Overseer  
  78  17:25  Ultralisk  
  75  17:53  Hatchery  
Tags
 
Add a new tag
Caveats
  • Supply blocks, unpowered buildings, or Contaminate may cause inaccurate times.
  • Supply counts are checked every 10 seconds.